 Dungeon Crawl Stone Soup version 0.20.0 (webtiles) character file.

86 edsrzf the Chopper (level 4, -2/39 HPs)
             Began as a Minotaur Gladiator on June 11, 2017.
             Slain by a gnoll
             ... wielding a +0 spear
              (5 damage)
             ... on level 2 of the Dungeon.
             The game lasted 00:02:08 (853 turns).

edsrzf the Chopper (Minotaur Gladiator)              Turns: 853, Time: 00:02:08

Health: -2/39      AC:  3    Str: 20    XL:     4   Next: 26%
Magic:  3/3        EV: 12    Int:  5    God:
Gold:   71         SH:  0    Dex: 11    Spells: 3/3 levels left

rFire    . . .     SeeInvis .   a - +0 war axe
rCold    . . .     Gourm    .   (no shield)
rNeg     . . .     Faith    .   b - +0 leather armour
rPois    +         Spirit   .   c - +0 hat
rElec    .         Reflect  .   (no cloak)
rCorr    .         Harm     .   (no gloves)
MR       .....                  (no boots)
Stlth    +.........             (no amulet)
Regen    0.2/turn               i - ring of poison resistance
MPRegen  0.1/turn               (no ring)

@: slowed, very slow
A: retaliatory headbutt, horns 2
a: no special abilities


You were on level 2 of the Dungeon.
You were not hungry.

You visited 1 branch of the dungeon, and saw 2 of its levels.

You collected 71 gold pieces.

Inventory:

Hand Weapons
 a - a +0 war axe (weapon)
Missiles
 d - 3 throwing nets {=f}
Armour
 b - a +0 leather armour (worn)
 c - a +0 hat (worn)
Jewellery
 i - a ring of poison resistance (left hand)
Scrolls
 e - 3 scrolls of identify {unknown}
 g - 2 scrolls of enchant armour {unknown}
 h - a scroll of teleportation {unknown}
Comestibles
 f - 2 bread rations


   Skills:
 + Level 3.6 Fighting
 * Level 5.5 Axes
 - Level 2.0 Throwing
 - Level 3.2 Dodging


You had 3 spell levels left.
You didn't know any spells.

Dungeon Overview and Level Annotations

Branches:
Dungeon (2/15)

Altars:

Annotations:
D:2 Natasha


Innate Abilities, Weirdness & Mutations

You reflexively headbutt those who attack you in melee.
You have a pair of horns on your head.


Message History

You miss the adder. The adder bites you.
You closely miss the adder. The adder bites you. The adder closely misses you.
You closely miss the adder. Your headbutt misses the adder.
The adder closely misses you. x2; You furiously retaliate!
You headbutt the adder! You closely miss the adder.
The adder is almost dead.
The adder bites you.
You slash the adder!
You kill the adder!
You have reached level 4!
You feel stronger.
There is an open door here.
You see here an adder corpse.
f - 2 bread rations (gained 1)
You now have 71 gold pieces (gained 7).
You see here 30 arrows.
Found 8 sling bullets.
You see here 8 sling bullets.
An adder comes into view.
The adder hisses angrily.
An adder is nearby!
You barely miss the adder. The adder closely misses you.
The adder barely misses you.
You hit the adder but do no damage. The adder bites you.
The adder closely misses you. You furiously retaliate!
You headbutt the adder. You closely miss the adder.
Your headbutt misses the adder.
The adder is moderately wounded.
The adder bites you but does no damage.
You closely miss the adder.
The adder is moderately wounded.
The adder bites you but does no damage. x2
You barely miss the adder.
The adder is moderately wounded.
The adder barely misses you. You furiously retaliate!
You headbutt the adder!
You kill the adder!
No target in view!
No target in view!
No target in view!
You see here an adder corpse.
Found a dagger.
e - 3 scrolls labeled ITROED CEFEE (gained 1)
You open the door.
Found a club.
There is an open door here.
A goblin comes into view. It is wielding a club.
The goblin shouts!
A gnoll and Natasha come into view.
Natasha hisses angrily.
The gnoll shouts!
Natasha casts a spell at you.
You feel yourself slow down.
Found a scroll labeled FUMYDU VOEHEGO.
Found a stone staircase leading down.
A giant cockroach and a gnoll come into view.
The gnoll shouts!
The goblin hits you but does no damage. x2
A gnoll comes into view. It is wielding a halberd.
You barely miss the goblin.
The gnoll shouts!
The goblin barely misses you. You furiously retaliate!
You headbutt the goblin!
You kill the goblin!
The gnoll hits you from afar with a spear.
A gnoll comes into view. It is wielding a club.
A rat comes into view.
The gnoll shouts!
The giant cockroach barely misses you. The gnoll hits you with a spear.
Natasha mumbles some strange words.
Found a silvery potion.
You see here a club.
You closely miss the gnoll. Your headbutt misses the gnoll.
You completely miss the giant cockroach.
The giant cockroach bites you.
Natasha howls an incantation.
Natasha's front paws start to glow.
Natasha stares at you and mumbles some strange words.
The magic dart hits you! The giant cockroach closely misses you.
The white imp gestures at you. The puff of frost hits you!
The gnoll barely misses you. x2
Natasha howls an incantation.
Natasha shimmers violently.
The giant cockroach bites you.
* * * LOW HITPOINT WARNING * * *
You aren't carrying any potions.
Okay, then.
Unknown command.
You hit Natasha. Your headbutt misses Natasha.
Natasha is moderately wounded.
You hit the giant cockroach but do no damage.
You hit the gnoll. The gnoll barely misses you. You furiously retaliate!
You headbutt the gnoll, but do no damage.
Natasha howls an incantation.
Natasha glows brightly for a moment.
Natasha claws you!
* * * LOW HITPOINT WARNING * * *
The gnoll hits you from afar with a spear.
* * * LOW HITPOINT WARNING * * *
The gnoll completely misses you. The giant cockroach closely misses you.
The gnoll barely misses you. You furiously retaliate!
You headbutt the gnoll. Natasha claws you but does no damage.
The gnoll hits you from afar with a spear.
You die...

#.....#
#.....#######
#............
#............
#.........>..
#............
#............
#....@ggr...!
##.###hsg.....
####..).#5?g.....
#..'....#........
#.##....#........
#.###.###........
####.###.#
##...#...
#.......##
##.#... ###.#####


You could see Natasha, 4 gnolls, a white imp, a giant cockroach and a rat.

Vanquished Creatures
  3 adders (D:2)
  An ooze (D:1)
  A worm (D:2)
  A dart slug (D:1)
  3 leopard geckos (D:1)
  3 bats (D:1)
  4 giant cockroaches (D:1)
  5 goblins
  4 hobgoblins (D:1)
  8 jackals
  2 kobolds (D:1)
  A frilled lizard (D:1)
  8 rats (D:1)
44 creatures vanquished.

Notes
Turn   | Place    | Note
-------+----------+-------------------------------------------
     0 | D:1      | edsrzf the Minotaur Gladiator began the quest for the Orb.
     0 | D:1      | Reached XP level 1. HP: 18/18 MP: 0/0
    19 | D:1      | Reached skill level 4 in Axes
    23 | D:1      | Reached XP level 2. HP: 20/25 MP: 1/1
   182 | D:1      | Reached XP level 3. HP: 29/30 MP: 2/2
   284 | D:1      | Reached skill level 5 in Axes
   418 | D:1      | Reached skill level 3 in Fighting
   671 | D:2      | Reached XP level 4. HP: 28/38 MP: 3/3
   848 | D:2      | Noticed Natasha
   853 | D:2      | Slain by a gnoll

Skill      XL: |  1  2  3 |
---------------+----------+-----
Axes           | 4 5 |  5.5
Fighting       | 3 |  3.6
Throwing       | |  2.0
Dodging        | |  3.2

Action                   |  1- 3 |  4- 6 || total
-------------------------+-------+-------++-------
Melee: War axe           |    79 |     8 ||    87
       Headbutt          |     9 |       ||     9
 Stab: Sleeping          |     1 |       ||     1
Armor: Leather armour    |    22 |     5 ||    27
Dodge: Dodged            |    51 |    13 ||    64
